 Dungeon Crawl Stone Soup version 0.32-a0-42-ga30500b4d3 (webtiles) character file.

Game seed: 8988677236329380509

215 Enter the Covered (level 5, -3/28 HPs)
             Began as a Vine Stalker Fighter on Feb 3, 2024.
             Splashed by a jelly's acid (6 damage)
             ... on level 3 of the Dungeon.
             The game lasted 00:10:38 (1840 turns).

Enter the Covered (Vine Stalker Fighter)            Turns: 1840, Time: 00:10:40

Health: -3/28      AC: -3    Str: 18    XL:     5   Next: 92%
Magic:  0/6        EV:  9    Int: 10    God:
Gold:   47         SH:  5    Dex: 14    Spells: 2/4 levels left

rFire   . . .        e - +1 dagger (vamp)
rCold   . . .        b - +0 buckler
rNeg    . . .        a - +0 scale mail
rPois   .            (no helmet)
rElec   .            (no cloak)
rCorr   .            (no gloves)
SInv    .            k - +0 pair of boots
Will    .....        f - amulet of regeneration Stlth
                     (no ring)
HPRegen 1.84/turn    (no ring)
MPRegen 0.10/turn

%: guardian spirit
@: corroded
A: fangs 2, regeneration 1, magic shield, antimagic bite, no potion heal 2
a: no special abilities


You were on level 3 of the Dungeon.
You visited 1 branch of the dungeon, and saw 3 of its levels.

You collected 47 gold pieces.

Inventory:

Hand Weapons
 e - a +1 vampiric dagger (weapon)
 i - a +0 scythe
Armour
 a - a +0 scale mail (worn)
 b - a +0 buckler (worn)
 h - a +0 robe
 k - a +0 pair of boots (worn)
Jewellery
 f - an amulet of regeneration (around neck)
Scrolls
 g - a scroll of fog
 j - 2 scrolls of identify
Potions
 c - a potion of might
 d - 2 potions of cancellation
 l - a potion of brilliance {unknown}


   Skills:
 + Level 3.3 Fighting
 + Level 2.3 Short Blades
 + Level 3.4 Armour
 + Level 1.0 Dodging
 + Level 0.4 Stealth
 + Level 3.2 Shields
 + Level 2.1 Unarmed Combat
 + Level 0.4 Spellcasting
 + Level 0.4 Translocations


You had 2 spell levels left.
You knew the following spells:

 Your Spells              Type           Power      Damage    Failure   Level
a - Apportation           Tloc           2%         N/A       77%         1
b - Necrotise             Necr           0%         1d4       82%         1

Your spell library contained the following spells:

 Spells                   Type           Power      Damage    Failure   Level
 Sting                    Conj/Alch      0%         1d3       82%         1
 Summon Small Mammal      Summ           0%         N/A       82%         1


Dungeon Overview and Level Annotations

Branches:
Dungeon (3/15)

Altars:

Shops:
D:2 *


Innate Abilities, Weirdness & Mutations

You have extremely sharp teeth.
Your natural rate of healing is unusually fast.
When hurt, damage is shared between your health and your magic reserves.
Your bite disrupts and absorbs the magic of your enemies.
Potions cannot restore your health.


Message History

You hit the ball python. Your bite misses the ball python.
The ball python is severely wounded.
You block the ball python's attack. The ball python constricts you.
You hit the ball python but do no damage.
The ball python is severely wounded.
You block the ball python's attack. The ball python constricts you.
You hit the ball python.
You kill the ball python!
You hit the jelly.
Your hands burn!
You bite the jelly. You drain its power.
You feel invigorated.
The jelly is moderately wounded.
The jelly hits you but does no damage.
You hit the jelly. The acid corrodes you!
Your hands burn!
You bite the jelly. You drain its power.
You feel invigorated.
The jelly is severely wounded.
The jelly barely misses you.
You hit the jelly but do no damage.
Your hands burn!
You bite the jelly, but do no damage.
The jelly is severely wounded.
The jelly hits you but does no damage.
You hit the jelly but do no damage.
Your hands burn!
You bite the jelly, but do no damage.
The jelly is severely wounded.
The jelly hits you. The acid corrodes you!
You are splashed with acid!
You hit the jelly but do no damage.
Your hands burn!
You bite the jelly, but do no damage.
The jelly is severely wounded.
The jelly hits you. The acid corrodes you!
You are splashed with acid!
* * * LOW HITPOINT WARNING * * *
You barely miss the jelly. You bite the jelly, but do no damage.
The jelly is severely wounded.
The jelly barely misses you.
You hit the jelly but do no damage.
Your hands burn!
* * * LOW HITPOINT WARNING * * *
You bite the jelly. You drain its power.
You feel invigorated.
The jelly is almost dead.
The jelly hits you.
* * * LOW HITPOINT WARNING * * *
You are splashed with acid!
You die...

# ##. #..###
+..J@# . ##.#?#
... .. #.######.
..?..###........
........<#......
.....#####.....#
... .#... . ..
.. #. .


You could see a jelly.

Vanquished Creatures
  Sigmund (D:2)
  An adder (D:2)
  A ribbon worm (D:2)
  4 ball pythons
  5 bats
  8 endoplasms
  6 giant cockroaches (D:1)
  5 goblins
  2 hobgoblins (D:2)
  6 kobolds
  2 quokkas
  3 frilled lizards
  4 rats
48 creatures vanquished.

Notes
Turn   | Place    | Note
-------+----------+-------------------------------------------
     0 | D:1      | Enter the Vine Stalker Fighter began the quest for the Orb.
     0 | D:1      | Reached XP level 1. HP: 11/11 MP: 2/2
   152 | D:1      | Reached XP level 2. HP: 16/16 MP: 1/3
   506 | D:1      | Reached XP level 3. HP: 20/20 MP: 4/4
   664 | D:1      | Learned a level 1 spell: Apportation
   666 | D:1      | Learned a level 1 spell: Necrotise
  1156 | D:2      | Noticed Sigmund
  1187 | D:2      | Killed Sigmund
  1188 | D:2      | Reached XP level 4. HP: 13/24 MP: 1/5
  1188 | D:2      | Reached XP level 5. HP: 15/28 MP: 1/6
  1387 | D:2      | Reached skill level 1 in Dodging
  1654 | D:2      | Found Riohecut's General Store.
  1840 | D:3      | Splashed by a jelly's acid

Illustrated notes

Levels and vault maps discovered:
D:1:      amcnicky_arrival_abandoned_market, layout_basic, st_stairs_6,
          minmay_worlds_worst_comb
D:2:      layout_rooms, serial_shops, nicolae_shop_pleasant_corner_grove,
          minmay_misc_feat_iff, uniq_sigmund
D:3:      layout_basic, minmay_misc_feat_doors, serial_park_tiny_2,
          minivault_11, uniq_jessica, uniq_robin, uniq_ijyb

Skill      XL: |  1  2  3  4  5 |
---------------+----------------+-----
Fighting       | 3 |  3.3
Shields        | 3 |  3.2
Short Blades   | 2 |  2.3
Armour         | 3 |  3.4
Dodging        | 1 |  1.0
Stealth        | |  0.4
Unarmed Combat | |  2.1
Spellcasting   | |  0.4
Translocations | |  0.4

Action                     |  1- 3 |  4- 6 || total
---------------------------+-------+-------++-------
  Melee: Unarmed           |    25 |       ||    25
         Bite              |    35 |    13 ||    48
         Dagger            |   123 |    39 ||   162
   Cast: Apportation       |     2 |       ||     2
    Use: Scroll            |     1 |     2 ||     3
         Potion            |     1 |     1 ||     2
 Armour: Scale mail        |   103 |    32 ||   135
  Dodge: Dodged            |    82 |    25 ||   107
  Block: Buckler           |    52 |    15 ||    67

Table legend: (Time is in decaauts)
 A = Elapsed time spent in this place.
 B = Non-inter-level travel time spent in this place.
 C = Inter-level travel time spent in this place.
 D = Time resting spent in this place.
 E = Time spent auto-exploring this place.
 F = Levels seen in this place.
 G = Mean time per level.
                   A        B        C        D        E       F      G
               +--------+--------+--------+--------+--------+-----+--------+
         Total |   1837 |   1837 |      0 |      0 |    195 |   3 |  612.3 |
       Dungeon |   1837 |   1837 |      0 |      0 |    195 |   3 |  612.3 |
               +--------+--------+--------+--------+--------+-----+--------+

Top non-repeatable levels by time:
     D:1: 1017 daAuts
     D:2: 799 daAuts
     D:3: 19 daAuts
